IL
SCRANTON WB RAILRIDERS @ FRESNO GRIZZLIES
08/15/2047
 
TOP OF THE 1ST
Scranton WB RailRiders batting - Pitching for Fresno Grizzlies : RHP Scott Spillman
Pitching: RHP Scott Spillman
Batting: RHB Devon Utley 0-0: Foul Ball, location: 2F
0-1: Foul Ball, location: 2F
0-2: Ball
1-2: Strikes out swinging
Batting: LHB Dan Morris 0-0: SINGLE (Groundball, 6M, EV 106.2 MPH)
Batting: SHB Mukhtar Wa'il 0-0: Foul Ball, location: 2F
0-1: Swinging Strike
0-2: Strikes out swinging
Batting: SHB Victor Ruiz 0-0: Ball
1-0: Ball
2-0: Swinging Strike
Pickoff Play to 1st, Runner tries for 2nd, OUT after rundown.
Top of the 1st over - 0 runs, 1 hit, 0 errors, 0 left on base; Scranton WB 0 - Fresno 0
BOTTOM OF THE 1ST
Fresno Grizzlies batting - Pitching for Scranton WB RailRiders : RHP Bobby Mott
Pitching: RHP Bobby Mott
Batting: RHB Ben Hoffman 0-0: Hit by Pitch
Batting: LHB Bob Dietz 0-0: Called Strike
Ben Hoffman steals 2nd base
0-1: Ball
1-1: Foul Ball, location: 2F
1-2: Foul Ball, location: 2F
1-2: Ground out 5-3 (Groundball, 56, EV 85.6 MPH)
Batting: RHB Chris Lane 0-0: Ball
1-0: Ball
Ben Hoffman steals 3rd base (no throw)
2-0: Ball
3-0: Called Strike
3-1: Called Strike
3-2: SINGLE (Groundball, 6MD, EV 101.9 MPH)
Ben Hoffman scores
Batting: LHB Shigeru Ono 0-0: Ball
1-0: Ball
2-0: Ball
3-0: Called Strike
3-1: Called Strike
3-2: Base on Balls
Chris Lane to second
Batting: SHB Paskar Adegoke 0-0: Ball
1-0: Grounds into double play, 3-6-3 (Groundball, 3S, EV 84.4 MPH)
Bottom of the 1st over - 1 run, 1 hit, 0 errors, 1 left on base; Scranton WB 0 - Fresno 1
TOP OF THE 2ND
Scranton WB RailRiders batting - Pitching for Fresno Grizzlies : RHP Scott Spillman
Batting: SHB Victor Ruiz 0-0: Called Strike
0-1: Ball
1-1: Ball
2-1: Foul Ball, location: 2F
2-2: Foul Ball, location: 2F
2-2: Ground out 4-3 (Groundball, 4, EV 80.0 MPH)
Batting: LHB Aaron Joyner 0-0: Ball
1-0: Called Strike
1-1: Called Strike
1-2: Ball
2-2: Strikes out swinging
Batting: RHB Mike Gifford 0-0: Swinging Strike
0-1: Ball
1-1: Swinging Strike
1-2: Ball
2-2: Strikes out swinging
Top of the 2nd over - 0 runs, 0 hits, 0 errors, 0 left on base; Scranton WB 0 - Fresno 1
BOTTOM OF THE 2ND
Fresno Grizzlies batting - Pitching for Scranton WB RailRiders : RHP Bobby Mott
Batting: LHB Kelvin Jones 0-0: Foul Ball, location: 2F
0-1: Ball
1-1: Called Strike
1-2: Ball
2-2: Strikes out swinging
Batting: RHB Sam Spohn 0-0: Ball
1-0: Ball
2-0: SINGLE (Flyball, 34D, EV 97.5 MPH)
Batting: RHB C.J. Sagle 0-0: Called Strike
0-1: Grounds into double play, 5-4-3 (Groundball, 56, EV 88.1 MPH)
Bottom of the 2nd over - 0 runs, 1 hit, 0 errors, 0 left on base; Scranton WB 0 - Fresno 1
TOP OF THE 3RD
Scranton WB RailRiders batting - Pitching for Fresno Grizzlies : RHP Scott Spillman
Batting: SHB Edwin Dominguez 0-0: Ball
1-0: Ball
2-0: Called Strike
2-1: Swinging Strike
2-2: Foul Ball, location: 2F
2-2: Ball
3-2: Strikes out looking
Batting: RHB Jordan Barragan 0-0: Ball
1-0: SINGLE (Line Drive, 3D, EV 95.6 MPH)
Batting: SHB Joe Fure 0-0: Called Strike
0-1: Ball
1-1: Ball
2-1: Swinging Strike
2-2: Strikes out swinging
Batting: RHB Devon Utley 0-0: Called Strike
0-1: Ball
1-1: Fielders Choice at 2nd, 5-4 (Groundball, 56, EV 106.9 MPH)
Top of the 3rd over - 0 runs, 1 hit, 0 errors, 1 left on base; Scranton WB 0 - Fresno 1
BOTTOM OF THE 3RD
Fresno Grizzlies batting - Pitching for Scranton WB RailRiders : RHP Bobby Mott
Batting: RHB Raul Sanchez 0-0: Called Strike
0-1: Swinging Strike
0-2: Foul Ball, location: 2F
0-2: Ball
1-2: Ground out 5-3 (Groundball, 56, EV 85.6 MPH)
Batting: RHB Ben Hoffman 0-0: Ball
1-0: Fly out, F7 (Flyball, 7, EV 90.0 MPH)
Batting: LHB Bob Dietz 0-0: Swinging Strike
0-1: Ball
1-1: Ball
2-1: Foul Ball, location: 2F
2-2: Ball
3-2: Foul Ball, location: 2F
3-2: Base on Balls
Batting: RHB Chris Lane 0-0: Ball
Bob Dietz is caught stealing 2nd base 2-4
Bottom of the 3rd over - 0 runs, 0 hits, 0 errors, 0 left on base; Scranton WB 0 - Fresno 1
TOP OF THE 4TH
Scranton WB RailRiders batting - Pitching for Fresno Grizzlies : RHP Scott Spillman
Batting: LHB Dan Morris 0-0: Called Strike
0-1: Ball
1-1: Swinging Strike
1-2: Ground out 4-3 (Groundball, 4, EV 90.6 MPH)
Batting: SHB Mukhtar Wa'il 0-0: Ball
1-0: Called Strike
1-1: Ball
2-1: Swinging Strike
2-2: Strikes out swinging
Batting: SHB Victor Ruiz 0-0: SINGLE (Groundball, 4MD, EV 108.1 MPH)
Batting: LHB Aaron Joyner 0-0: Ball
1-0: Called Strike
1-1: Ball
2-1: Single, Error in OF, E8, batter to second base (Line Drive, 8LS, EV 95.0 MPH)
Victor Ruiz to third
Batting: RHB Mike Gifford 0-0: Foul Ball, location: 2F
0-1: Fly out, F7 (Flyball, 7, EV 75.6 MPH)
Top of the 4th over - 0 runs, 2 hits, 1 error, 2 left on base; Scranton WB 0 - Fresno 1
BOTTOM OF THE 4TH
Fresno Grizzlies batting - Pitching for Scranton WB RailRiders : RHP Bobby Mott
Batting: RHB Chris Lane 0-0: Fly out, F7 (Flyball, 7D, EV 108.8 MPH)
Batting: LHB Shigeru Ono 0-0: Called Strike
0-1: Ball
1-1: Ground out 6-3 (Groundball, P, EV 76.2 MPH)
Batting: SHB Paskar Adegoke 0-0: Foul Ball, location: 2F
0-1: Swinging Strike
0-2: Ball
1-2: Ball
2-2: Ball
3-2: Foul Ball, location: 2F
3-2: Foul Ball, location: 2F
3-2: Strikes out swinging, 2-3 out at first.
Bottom of the 4th over - 0 runs, 0 hits, 0 errors, 0 left on base; Scranton WB 0 - Fresno 1
TOP OF THE 5TH
Scranton WB RailRiders batting - Pitching for Fresno Grizzlies : RHP Scott Spillman
Batting: SHB Edwin Dominguez 0-0: Swinging Strike
0-1: SINGLE (Groundball, 56D, EV 98.1 MPH)
Batting: RHB Jordan Barragan 0-0: SINGLE (Groundball, 34D, EV 108.8 MPH)
Edwin Dominguez to second
Runner from 2nd tries for 3rd, SAFE, throw by RF made to third
Batting: SHB Joe Fure 0-0: Ball
1-0: Foul Ball, location: 2F
1-1: Foul Ball, location: 2F
1-2: Reached on error, E3 (Groundball, 3L, EV 88.1 MPH)
Edwin Dominguez scores
Jordan Barragan to second
Batting: RHB Devon Utley 0-0: Fly out, F7 (Flyball, 78S, EV 88.1 MPH)
Batting: LHB Dan Morris 0-0: Ball
1-0: Foul Ball, location: 2F
1-1: Ball
2-1: Called Strike
2-2: Strikes out swinging
Pitching: RHP Tommy Cunningham
Batting: SHB Mukhtar Wa'il 0-0: TRIPLE (Line Drive, 7D, EV 108.1 MPH)
Jordan Barragan scores
Joe Fure scores
Batting: SHB Victor Ruiz 0-0: Called Strike
0-1: Foul Ball, location: 2F
0-2: Strikes out swinging
Top of the 5th over - 3 runs, 3 hits, 1 error, 1 left on base; Scranton WB 3 - Fresno 1
BOTTOM OF THE 5TH
Fresno Grizzlies batting - Pitching for Scranton WB RailRiders : RHP Bobby Mott
Batting: LHB Kelvin Jones 0-0: Foul Ball, location: 2F
0-1: Ball
1-1: Hit by Pitch
Batting: RHB Sam Spohn 0-0: Ball
1-0: Ball
2-0: Called Strike
2-1: Foul Ball, location: 2F
2-2: Foul Ball, location: 2F
2-2: Strikes out swinging
Batting: RHB C.J. Sagle 0-0: Called Strike
0-1: Ball
1-1: Foul Ball, location: 2F
1-2: Ball
2-2: Grounds into double play, 5-4-3 (Groundball, 56, EV 100.6 MPH)
Bottom of the 5th over - 0 runs, 0 hits, 0 errors, 0 left on base; Scranton WB 3 - Fresno 1
TOP OF THE 6TH
Scranton WB RailRiders batting - Pitching for Fresno Grizzlies : RHP Tommy Cunningham
Batting: LHB Aaron Joyner 0-0: Swinging Strike
0-1: Ball
1-1: Called Strike
1-2: Ball
2-2: Strikes out swinging
Batting: RHB Mike Gifford 0-0: Foul Ball, location: 2F
0-1: Foul Ball, location: 2F
0-2: Ball
1-2: Hit by Pitch
Pinch Runner at 1st Johannes Gutermuth:
Batting: SHB Edwin Dominguez 0-0: Called Strike
0-1: Ball
1-1: Ball
2-1: Ball
3-1: Swinging Strike
3-2: Base on Balls
Johannes Gutermuth to second
Batting: RHB Jordan Barragan 0-0: Called Strike
0-1: Ball
1-1: Called Strike
1-2: Foul Ball, location: 2F
1-2: Ball
2-2: Grounds into double play, 4-6-3 (Groundball, 4, EV 90.0 MPH)
Top of the 6th over - 0 runs, 0 hits, 0 errors, 1 left on base; Scranton WB 3 - Fresno 1
BOTTOM OF THE 6TH
Fresno Grizzlies batting - Pitching for Scranton WB RailRiders : RHP Bobby Mott
Now at C: John Sabean
Batting: RHB Raul Sanchez 0-0: Ball
1-0: Called Strike
1-1: Called Strike
1-2: Ground out 6-3 (Groundball, 6, EV 86.2 MPH)
Batting: RHB Ben Hoffman 0-0: Swinging Strike
0-1: Ground out 6-3 (Groundball, 6, EV 88.1 MPH)
Batting: LHB Bob Dietz 0-0: Ball
1-0: Foul Ball, location: 2F
1-1: Ball
2-1: Ground out 5-3 (Groundball, 56S, EV 78.8 MPH)
Bottom of the 6th over - 0 runs, 0 hits, 0 errors, 0 left on base; Scranton WB 3 - Fresno 1
TOP OF THE 7TH
Scranton WB RailRiders batting - Pitching for Fresno Grizzlies : RHP Tommy Cunningham
Pitching: RHP Elroy Meulenkamp
Batting: SHB Joe Fure 0-0: Ball
1-0: Fly out, F7 (Flyball, 78D, EV 80.0 MPH)
Batting: RHB Devon Utley 0-0: Ball
1-0: Swinging Strike
1-1: Called Strike
1-2: Ball
2-2: Strikes out swinging
Batting: LHB Dan Morris 0-0: Ball
1-0: Called Strike
1-1: Ball
2-1: Foul Ball, location: 2F
2-2: Foul Ball, location: 2F
2-2: Strikes out looking
Top of the 7th over - 0 runs, 0 hits, 0 errors, 0 left on base; Scranton WB 3 - Fresno 1
BOTTOM OF THE 7TH
Fresno Grizzlies batting - Pitching for Scranton WB RailRiders : RHP Bobby Mott
Batting: RHB Chris Lane 0-0: Swinging Strike
0-1: Called Strike
0-2: Strikes out swinging
Batting: LHB Shigeru Ono 0-0: Ball
1-0: Fly out, F5 (Popup, 56S, EV 72.5 MPH)
Batting: SHB Paskar Adegoke 0-0: Swinging Strike
0-1: Called Strike
0-2: Ball
1-2: Strikes out swinging
Bottom of the 7th over - 0 runs, 0 hits, 0 errors, 0 left on base; Scranton WB 3 - Fresno 1
TOP OF THE 8TH
Scranton WB RailRiders batting - Pitching for Fresno Grizzlies : RHP Elroy Meulenkamp
Batting: SHB Mukhtar Wa'il 0-0: Called Strike
0-1: Swinging Strike
0-2: Ball
1-2: Ball
2-2: Strikes out looking
Batting: SHB Victor Ruiz 0-0: Called Strike
0-1: Foul Ball, location: 2F
0-2: Strikes out looking
Batting: LHB Aaron Joyner 0-0: Called Strike
0-1: Ball
1-1: Ball
2-1: Ball
3-1: Foul Ball, location: 2F
3-2: Base on Balls
Batting: RHB John Sabean 0-0: Ball
1-0: Ball
2-0: SINGLE (Line Drive, 4MD, EV 98.8 MPH)
Aaron Joyner to second
Runner from 2nd tries for 3rd, OUT! 8-5
Top of the 8th over - 0 runs, 1 hit, 0 errors, 1 left on base; Scranton WB 3 - Fresno 1
BOTTOM OF THE 8TH
Fresno Grizzlies batting - Pitching for Scranton WB RailRiders : RHP Bobby Mott
Batting: LHB Kelvin Jones 0-0: Called Strike
0-1: SINGLE (Groundball, 56D, EV 95.0 MPH)
Batting: RHB Sam Spohn 0-0: Ball
1-0: Fly out, F9 (Line Drive, 9, EV 88.1 MPH)
Batting: RHB C.J. Sagle 0-0: Called Strike
0-1: Ball
1-1: Ball
2-1: Foul Ball, location: 2F
2-2: Ball
3-2: Base on Balls
Kelvin Jones to second
Pitching: RHP John Robidoux
Batting: RHB Raul Sanchez 0-0: Foul Ball, location: 2F
0-1: Ball
1-1: Ball
2-1: Grounds into double play, 4-6-3 (Groundball, 4M, EV 100.6 MPH)
Bottom of the 8th over - 0 runs, 1 hit, 0 errors, 1 left on base; Scranton WB 3 - Fresno 1
TOP OF THE 9TH
Scranton WB RailRiders batting - Pitching for Fresno Grizzlies : RHP Elroy Meulenkamp
Pitching: RHP Jorge Aguilar
Batting: SHB Edwin Dominguez 0-0: Ball
1-0: Swinging Strike
1-1: Swinging Strike
1-2: Strikes out swinging
Batting: RHB Jordan Barragan 0-0: Called Strike
0-1: Ball
1-1: Ball
2-1: Ball
3-1: Called Strike
3-2: Strikes out looking
Batting: SHB Joe Fure 0-0: Ball
1-0: Fly out, F7 (Line Drive, 7S, EV 88.1 MPH)
Top of the 9th over - 0 runs, 0 hits, 0 errors, 0 left on base; Scranton WB 3 - Fresno 1
BOTTOM OF THE 9TH
Fresno Grizzlies batting - Pitching for Scranton WB RailRiders : RHP John Robidoux
Now at 1B: Jose Lebron
Batting: RHB Ben Hoffman 0-0: Ball
1-0: Called Strike
1-1: Ball
2-1: Called Strike
2-2: Foul Ball, location: 2F
2-2: Strikes out looking
Batting: LHB Bob Dietz 0-0: Foul Ball, location: 2F
0-1: Called Strike
0-2: Ball
1-2: Strikes out looking
Batting: RHB Chris Lane 0-0: Ball
1-0: TRIPLE (Line Drive, 78XD, EV 103.1 MPH)
Batting: LHB Shigeru Ono 0-0: Ground out 4-3 (Groundball, 4, EV 89.4 MPH)
Bottom of the 9th over - 0 runs, 1 hit, 0 errors, 1 left on base; Scranton WB 3 - Fresno 1
Thursday, December 15th , 2022 - OOTP Baseball 23.9 Build 102